Map: Lightshade LE

Players

soul

  • Race: Terran Terran
  • League: Grandmaster

SKillous - Winner!

  • Race: Protoss Protoss
  • League: Grandmaster

Event: DreamHack SC2 Masters 2021 Summer

VOD

Have the link to the VOD?

Description

Time

  • Played on: June 2, 2021, 10:24 a.m.
  • Length: 8:54

All games in this series

Show
View Real Time Build Order
Export as new Build Order

soul Terran 

Build Orders:  

Get SALT Encoding   

  12  0:00  SCV  
  13  0:12  SCV  
  14  0:17  Supply Depot  
  14  0:24  SCV  
  15  0:38  SCV  
  15  0:39  Barracks  
  16  0:44  Refinery  
  16  0:50  SCV  
  17  1:03  SCV  
  18  1:15  SCV  
  19  1:26  Marine  
  19  1:27  Orbital Command  
  20  1:40  Command Center  
  20  1:44  Barracks Reactor  
  20  1:51  Supply Depot  
  20  1:55  SCV  
  21  2:06  Factory  
  21  2:08  SCV  
  21  2:13  Refinery  
  22  2:20  Marine x2  
  24  2:23  SCV  
  25  2:35  SCV  
  26  2:38  Marine x2  
  28  2:47  SCV  
  28  2:50  Widow Mine, Starport  
  31  2:56  Orbital Command  
  31  2:59  SCV  
  31  3:03  Marine  
  33  3:11  Factory Tech Lab  
  33  3:12  Marine, SCV  
  35  3:21  Marine  
  35  3:24  SCV  
  38  3:29  Siege Tank  
  38  3:30  Medivac  
  38  3:33  Supply Depot  
  42  3:34  SCV  
  42  3:35  Marine  
  42  3:39  SCV  
  45  3:44  Supply Depot  
  45  3:46  SCV  
  46  3:55  Engineering Bay, SCV  
  47  3:58  SCV  
  48  4:05  Cyclone, Starport Tech Lab  
  48  4:06  Marine  
  48  4:07  SCV  
  53  4:10  SCV  
  53  4:11  Marine  
  55  4:19  SCV  
  55  4:21  Missile Turret  
  55  4:22  SCV  
  55  4:23  Marine  
  58  4:26  Bunker  
  58  4:29  Marine  
  56  4:31  SCV  
  56  4:35  SCV  
  52  4:41  Marine  
  52  4:42  Siege Tank  
  52  4:43  SCV  
  56  4:47  Marine  
  56  4:51  Banshee, Bunker  
  58  4:58  SCV  
  58  4:59  Marine, SCV  
  56  5:05  Supply Depot, Marine  
  57  5:10  SCV  
  57  5:12  Bunker  
  57  5:13  SCV  
  59  5:14  Siege Tank  
  62  5:25  Supply Depot  
  62  5:26  Marine, SCV  
  66  5:36  Command Center  
  66  5:37  Marine  
  66  5:44  Marine  
  66  5:45  SCV  
  66  5:46  Siege Tank  
  68  5:55  Refinery, Marine  
  68  5:56  Refinery  
  67  5:57  SCV x2  
  67  5:58  Supply Depot x2  
  67  5:59  Barracks  
  67  6:01  Barracks  
  67  6:02  Marine  
  69  6:04  Engineering Bay  
  69  6:09  SCV  
  70  6:14  Supply Depot x2, Marine  
  70  6:15  SCV  
  72  6:21  SCV  
  72  6:22  Starport Reactor  
  70  6:28  Terran Infantry Weapons Level 1, Marine  
  70  6:31  SCV  
  72  6:33  Siege Tank  
  72  6:35  SCV  
  73  6:42  Supply Depot  
  73  6:44  Barracks  
  73  6:47  Barracks  
  73  6:49  SCV  
  73  6:50  Barracks Tech Lab  
  73  6:53  Orbital Command  
  74  6:55  Terran Infantry Armor Level 1  
  74  6:57  Stimpack  
  74  6:59  SCV  
  75  7:06  Viking  
  78  7:08  Marauder  
  78  7:09  Marauder, SCV  
  78  7:11  SCV  
  78  7:14  Missile Turret  
  82  7:16  Combat Shield  
  82  7:21  Marine  
  83  7:23  Marine  
  83  7:24  Orbital Command  
  83  7:25  SCV  
  87  7:30  Marauder  
  87  7:31  Marauder  
  87  7:34  SCV  
  90  7:38  Medivac  
  90  7:39  Marine  
  90  7:40  Supply Depot, SCV  
  90  7:42  Supply Depot  
  90  7:43  Barracks Tech Lab, Barracks Reactor  
  90  7:44  Marine  
  94  7:46  SCV  
  94  7:49  SCV  
  99  7:51  Marauder  
  99  7:52  Marauder, SCV  
  99  7:56  Marine, Bunker  
  99  7:57  Medivac  
  99  7:58  SCV  
  106  8:01  Missile Turret, SCV  
  106  8:04  SCV  
  108  8:08  Refinery x2  
  108  8:10  SCV  
  108  8:12  Supply Depot  
  109  8:13  SCV  
  109  8:16  Supply Depot, SCV  
  109  8:19  Medivac  
  113  8:22  Marine, SCV  
  113  8:24  Marine  
  113  8:25  Marine, SCV  
  90  8:27  Marine x2  
  90  8:28  Marine, SCV  
  90  8:30  Marauder  
Show
View Real Time Build Order
Export as new Build Order

SKillous Protoss - Winner!

Build Orders: 1 Gate Expand, Blink Stalkers, Zealot Archon 

Get SALT Encoding   

  12  0:00  Probe  
  13  0:12  Probe  
  14  0:17  Pylon  
  14  0:24  Probe  
  15  0:35  Gateway  
  15  0:37  Probe (Chrono Boost)  
  16  0:46  Assimilator, Probe (Chrono Boost)  
  17  0:51  Probe (Chrono Boost)  
  18  1:03  Probe  
  19  1:15  Probe  
  20  1:23  Cybernetics Core  
  20  1:32  Nexus  
  20  1:40  Pylon  
  20  1:44  Probe  
  21  1:52  Assimilator  
  21  1:56  Probe, Adept (Chrono Boost)  
  21  2:00  Warp Gate  
  24  2:08  Probe  
  25  2:21  Probe (Chrono Boost), Twilight Council  
  26  2:27  Stalker  
  29  2:30  Probe (Chrono Boost)  
  29  2:37  Probe (Chrono Boost)  
  30  2:44  Probe (Chrono Boost)  
  30  2:51  Blink (Chrono Boost)  
  32  2:53  Probe x2 (Chrono Boost)  
  33  2:58  Probe (Chrono Boost)  
  33  2:59  Probe  
  35  3:05  Gateway  
  35  3:10  Probe  
  35  3:11  Probe  
  37  3:17  Robotics Facility  
  37  3:19  Shield Battery  
  35  3:22  Probe  
  35  3:25  Probe  
  37  3:35  Probe  
  37  3:37  Probe  
  39  3:47  Probe  
  40  3:50  Nexus  
  40  3:52  Pylon  
  40  3:54  Probe  
  41  3:55  Stalker  
  41  3:59  Probe  
  41  4:02  Stalker  
  46  4:06  Pylon  
  46  4:10  Probe, Observer  
  46  4:11  Assimilator  
  46  4:12  Probe  
  49  4:18  Stalker  
  49  4:22  Probe  
  52  4:26  Stalker  
  54  4:36  Probe  
  53  4:44  Warp Prism  
  54  4:46  Stalker  
  54  4:48  Probe (Chrono Boost)  
  54  4:52  Probe (Chrono Boost)  
  55  5:00  Stalker  
  55  5:03  Probe (Chrono Boost)  
  55  5:05  Probe x2 (Chrono Boost)  
  59  5:09  Observer  
  59  5:12  Probe (Chrono Boost)  
  59  5:13  Stalker, Probe (Chrono Boost)  
  64  5:14  Probe (Chrono Boost)  
  64  5:18  Probe (Chrono Boost)  
  64  5:19  Charge  
  66  5:21  Probe (Chrono Boost)  
  66  5:25  Stalker  
  69  5:30  Probe (Chrono Boost)  
  69  5:32  Probe (Chrono Boost)  
  69  5:38  Probe (Chrono Boost)  
  70  5:48  Probe  
  71  5:50  Probe x2  
  71  5:51  Pylon  
  71  5:54  Forge, Stalker x2  
  77  5:58  Pylon  
  77  6:00  Pylon  
  77  6:09  Assimilator, Probe x2  
  79  6:12  Templar Archives  
  79  6:13  Assimilator, Gateway x2  
  79  6:14  Pylon, Gateway  
  79  6:17  Gateway  
  79  6:21  Protoss Ground Weapons Level 1 (Chrono Boost)  
  79  6:25  Probe x2, Gateway  
  81  6:27  Gateway  
  81  6:31  Observer  
  78  6:33  Pylon  
  78  6:37  Probe  
  78  6:38  Probe  
  77  6:42  Sentry x2  
  77  6:43  Shield Battery  
  80  6:47  Gateway  
  80  6:48  Gateway  
  80  6:51  Probe x3  
  83  7:03  Probe  
  83  7:05  Probe  
  85  7:09  High Templar x2  
  85  7:10  Zealot x3  
  85  7:13  Archon  
  85  7:14  Nexus  
  95  7:16  Photon Cannon  
  95  7:17  Pylon  
  95  7:28  Zealot x3  
  95  7:29  Probe  
  102  7:32  Pylon  
  102  7:39  Zealot x3  
  102  7:42  Zealot  
  110  7:46  High Templar x3  
  110  7:48  High Templar  
  110  7:49  Zealot x2  
  110  7:51  Archon  
  122  7:52  Archon  
  122  8:00  Zealot x3  
  122  8:03  Zealot  
  130  8:09  Zealot  
  132  8:24  Zealot x5  
  128  8:30  Zealot x4  
  122  8:46  Zealot x6  
  132  8:50  Zealot x4  
Tags
 
Add a new tag
Caveats
  • Supply blocks, unpowered buildings, or Contaminate may cause inaccurate times.
  • Supply counts are checked every 10 seconds.